 Dungeon Crawl Stone Soup version 0.20-a0-9-g62d82d9 (webtiles) character file.

4545 dobroeutro the Cleaver (level 10, -7/86 HPs)
             Began as a Minotaur Fighter on Nov 1, 2016.
             Was a Believer of Okawaru.
             Killed from afar by Erica (8 damage)
             ... with an orb of energy
             ... on level 9 of the Dungeon.
             The game lasted 00:14:29 (8337 turns).

dobroeutro the Cleaver (Minotaur Fighter)           Turns: 8337, Time: 00:14:29

Health: -7/86      AC: 16    Str: 22    XL:     10   Next: 17%
Magic:  9/9        EV: 11    Int:  5    God:    Okawaru [**....]
Gold:   478        SH: 10    Dex: 12    Spells: 0 memorised, 9 levels left

rFire  + . .     SeeInvis .     E - +1 broad axe
rCold  x . .     Gourm    +     b - +0 scale mail
rNeg   . . .     Faith    .     c - +0 shield
rPois  .         Spirit   .     t - +2 hat
rElec  .         Reflect  .     e - +0 cloak
rCorr  .         Harm     .     (no gloves)
MR     +....                    C - +2 pair of boots {Fly}
Stlth  ..........               x - amulet of the gourmand
                                F - ring of protection from magic
                                i - ring of fire

@: lethally poisoned (-7 -> -16)
A: retaliatory headbutt, claws 1, horns 2, iridescent scales 1
a: Heroism, Renounce Religion, Evoke Flight


You were on level 9 of the Dungeon.
You worshipped Okawaru.
Okawaru was pleased with you.
You were not hungry.

You visited 2 branches of the dungeon, and saw 10 of its levels.

You collected 478 gold pieces.

Inventory:

Hand Weapons
 a - a +0 war axe
 E - a +1 broad axe (weapon)
Armour
 b - a +0 scale mail (worn)
 c - a +0 shield (worn)
 e - a +0 cloak (worn)
 t - a +2 hat (worn)
 C - a +2 pair of boots of flying (worn)
Jewellery
 i - a ring of fire (left claw)
 q - an uncursed amulet of magic regeneration
 x - an amulet of the gourmand (around neck)
 F - a ring of protection from magic (right claw)
Wands
 J - a wand of paralysis (8/24)
Scrolls
 r - 4 scrolls of remove curse
 w - 3 scrolls of magic mapping
 B - a scroll of enchant weapon
 I - a scroll of identify
Potions
 d - 2 potions of might
 h - 6 potions of curing
 j - 3 potions of flight
 k - 2 potions of lignification {unknown}
 l - a potion of cancellation {unknown}
 m - 2 potions of cure mutation {unknown}
 n - 3 potions of berserk rage {unknown}
 o - 2 potions of magic {unknown}
 s - 3 potions of resistance {unknown}
 v - a potion of brilliance {unknown}
 z - 2 potions of ambrosia {unknown}
 A - 3 potions of heal wounds {unknown}
 D - a potion of haste {unknown}
Comestibles
 f - 7 bread rations
 g - 4 meat rations
 p - 6 fruits
 u - 3 beef jerkies
 G - 2 slices of pizza


   Skills:
 + Level 7.3 Fighting
 * Level 12.8 Axes
 + Level 7.2 Armour
 + Level 5.6 Dodging
 - Level 6.4 Shields


You had 9 spell levels left.
You didn't know any spells.

Dungeon Overview and Level Annotations

Branches:
Dungeon (9/15)             Temple (1/1) D:6            Lair (0/6) D:9
    Orc: D:9-12

Altars:
Ashenzari
Cheibriados
Dithmenos
Elyvilon
Fedhas
Gozag
Hepliaklqana
Kikubaaqudgha
Makhleb
Nemelex Xobeh
Okawaru
Qazlal
Ru
Sif Muna
Trog
Uskayaw
Vehumet
Xom
Yredelemnul
Zin
The Shining One

Shops:
D:4 !

Annotations:
D:8 Maurice
D:9 Erica


Innate Abilities, Weirdness & Mutations

You reflexively headbutt those who attack you in melee.
You have a pair of horns on your head.
You have sharp fingernails.
You are partially covered in iridescent scales. (AC +2)


Message History

* * * LOW HITPOINT WARNING * * *
You miss something. You block something's attack.
You barely miss something. Your headbutt misses something.
Something hits you but does no damage.
Your shield and scale mail prevent you from hitting something.
Something hits you.
* * * LOW HITPOINT WARNING * * *
Something burns you.
* * * LOW HITPOINT WARNING * * *
You hit something. Your headbutt misses something.
You completely miss something.
You hear some strange, mumbled words.
A bolt of poison appears from out of thin air!
The bolt of poison hits you!
You are poisoned.
* * * LOW HITPOINT WARNING * * *
You hear some strange, mumbled words.
An orb of energy appears from out of thin air!
The orb of energy hits you!
You die...

....##...###.....###.#...........
.........###.....# #.#.........(.
....##...........###.#...........
....####.###.....(...#.>........#
.........###.........##..........
..........###........##.<........
........#.# #.##........#........
#########.###.##................#
#########..##'##@...[....#'######
....#...........{................
....#............................
....#............................
....#............................
...##............................
.................................
..........##.>...................
..........###...............#....


There were no monsters in sight!

Vanquished Creatures
  Pikel (D:7)
  A hornet (D:9)
  A spriggan (D:8)
  The ghost of dobroeutro the Ducker, an amateur MiMo (D:4)
  Eustachio (D:6)
  Edmund (D:5)
  Menkaure (D:4)
  6 orc warriors
  A sky beast (D:8)
  An ice beast (D:9)
  A slave (D:7)
  5 ogres
  4 centaurs
  2 bullfrogs
  Blork the orc (D:4)
  2 scorpions
  A howler monkey (D:4)
  6 crimson imps
  A jelly (D:9)
  5 orc priests
  A bullfrog skeleton (D:4)
  4 hounds
  14 orc wizards
  2 iguanas
  5 worker ants
  A killer bee zombie (D:6)
  3 gnolls (D:5)
  7 adders
  2 shadow imps
  An adder zombie (D:9)
  5 worms
  3 dart slugs
  5 leopard geckos
  48 orcs
  3 ball pythons
  4 bats
  7 giant cockroaches
  11 goblins
  10 hobgoblins
  4 jackals (D:9)
  4 quokkas
  5 frilled lizards
  8 kobolds
  9 rats
209 creatures vanquished.

Vanquished Creatures (others)
  A quasit (D:7)
1 creature vanquished.

Grand Total: 210 creatures vanquished

Notes
Turn   | Place    | Note
-------+----------+-------------------------------------------
     0 | D:1      | dobroeutro the Minotaur Fighter began the quest for the Orb.
     0 | D:1      | Reached XP level 1. HP: 19/19 MP: 0/0
    86 | D:1      | Reached XP level 2. HP: 14/27 MP: 1/1
    99 | D:1      | Reached skill level 1 in Dodging
   379 | D:1      | Reached XP level 3. HP: 30/33 MP: 2/2
   656 | D:2      | Reached skill level 3 in Axes
   904 | D:2      | Found an ancient bone altar of Kikubaaqudgha.
   985 | D:2      | Reached XP level 4. HP: 19/40 MP: 3/3
  1559 | D:3      | Found a radiant altar of Vehumet.
  1780 | D:3      | Reached skill level 4 in Axes
  1920 | D:4      | Noticed dobroeutro's ghost (amateur MiMo)
  1960 | D:4      | Reached XP level 5. HP: 40/46 MP: 4/4
  1970 | D:4      | Reached skill level 5 in Axes
  1981 | D:4      | Found a shimmering altar of Xom.
  2153 | D:4      | Found Qiusenai's Distillery.
  2180 | D:4      | Found a basalt altar of Yredelemnul.
  2210 | D:4      | Reached skill level 6 in Axes
  2255 | D:4      | Found a white marble altar of Elyvilon.
  2283 | D:4      | Noticed Menkaure
  2291 | D:4      | Killed Menkaure
  2291 | D:4      | Reached skill level 7 in Axes
  2291 | D:4      | Reached XP level 6. HP: 51/52 MP: 5/5
  2299 | D:4      | Noticed Blork the orc
  2311 | D:4      | Killed Blork the orc
  2349 | D:4      | Killed dobroeutro's ghost
  2349 | D:4      | Reached skill level 8 in Axes
  2349 | D:4      | Reached XP level 7. HP: 40/59 MP: 6/6
  2642 | D:5      | Entered Level 5 of the Dungeon
  2719 | D:5      | Noticed Edmund
  2727 | D:5      | Killed Edmund
  2727 | D:5      | Reached skill level 9 in Axes
  2734 | D:5      | Found a deep blue altar of Sif Muna.
  2975 | D:5      | Reached skill level 10 in Axes
  3025 | D:5      | Reached XP level 8. HP: 66/66 MP: 7/7
  3589 | D:6      | Reached skill level 5 in Armour
  3938 | D:6      | Found a staircase to the Ecumenical Temple.
  4063 | D:6      | Reached skill level 5 in Fighting
  4063 | D:6      | Reached skill level 11 in Axes
  4166 | Temple   | Entered the Ecumenical Temple
  4210 | Temple   | Became a worshipper of Warmaster Okawaru
  4286 | D:6      | Noticed Eustachio
  4312 | D:6      | Killed Eustachio
  4432 | D:6      | Found a bloodstained altar of Trog.
  4849 | D:6      | Reached skill level 5 in Shields
  4853 | D:6      | Reached * piety under Okawaru
  4853 | D:6      | Reached XP level 9. HP: 74/74 MP: 8/8
  4952 | D:7      | Found a shattered altar of Ashenzari.
  5257 | D:6      | You fall through a shaft for 3 floors!
  5267 | D:9      | Paralysed by a hornet for 1 turns
  5551 | D:8      | Noticed Erica
  5826 | D:9      | Reached skill level 12 in Axes
  5985 | D:7      | Noticed Pikel
  6013 | D:7      | Killed Pikel
  6013 | D:7      | Reached ** piety under Okawaru
  6013 | D:7      | Reached skill level 5 in Dodging
  6026 | D:7      | Gained mutation: You are partially covered in iridescent scales. (AC +2) [mutagenic meat]
  6027 | D:7      | Gained mutation: You have sharp fingernails. [mutagenic meat]
  6538 | D:7      | Found a basalt altar of Yredelemnul.
  6928 | D:7      | Reached XP level 10. HP: 78/84 MP: 9/9
  7315 | D:8      | Noticed Maurice
  8212 | D:9      | Found a staircase to the Lair.
  8337 | D:9      | HP: 1/86 [something/bolt of poison (19)]
  8337 | D:9      | Killed from afar by Erica

Vault maps used:
D:1:      dpeg_arrival_brainrot
D:2:      lemuel_crystal_altar, first_bread, grunt_ministairs_8,
          amethyst_killhole, glass_columns_c
D:3:      vehumet_crystals
D:4:      kennysheep_ying_yang, xom_teletrap_fun, serial_shops,
          kennysheep_mini_moat, uniq_blork_the_orc, uniq_menkaure
D:5:      overflow_temple_1_default, uniq_edmund
D:6:      hangedman_decor_riveting, st_stairs_8, trog_hazing_becter,
          uniq_eustachio
D:7:      ashenzari_conservatory_becter, basic_altar, uniq_pikel
D:8:      the_bakery, minivault_5, uniq_maurice, uniq_erica
D:9:      lair_0_dummy
Temple:   eino_temple_lava

Skill      XL: |  1  2  3  4  5  6  7  8  9 10 |
---------------+-------------------------------+-----
Dodging        | 1 2 3 5 |  5.6
Armour         | 4 5 7 |  7.2
Fighting       | 4 5 6 7 |  7.3
Axes           | 3 4 7 8 10 11 12 | 12.8
Shields        | 5 6 |  6.4

Action                   |  1- 3 |  4- 6 |  7- 9 | 10-12 || total
-------------------------+-------+-------+-------+-------++-------
Melee: War axe           |   110 |   116 |   304 |       ||   530
       Headbutt          |    23 |    16 |    59 |    13 ||   111
       Broad axe         |       |       |    57 |    92 ||   149
Invok: Heroism           |       |       |     2 |       ||     2
 Abil: Stop Flying       |       |       |     1 |       ||     1
  Use: Scroll            |       |       |     6 |     3 ||     9
       Potion            |       |       |       |     1 ||     1
  Eat: Chunk             |     1 |     4 |    23 |       ||    28
Armor: Scale mail        |    43 |    38 |    92 |    26 ||   199
Dodge: Dodged            |    37 |    28 |   118 |    25 ||   208
Block: Shield            |    49 |    61 |   158 |    37 ||   305
